 Dungeon Crawl Stone Soup version 0.20.1-1-g8b1a95d (webtiles) character file.

45847 equalderp2856 the Severer (level 14, -2/126 HPs)
             Began as a Minotaur Fighter on Aug 27, 2017.
             Slain by an entropy weaver (9 damage)
             ... on level 5 of the Lair of Beasts.
             The game lasted 01:06:18 (24562 turns).

equalderp2856 the Severer (Minotaur Fighter)       Turns: 24562, Time: 01:06:20

Health: -2/126     AC:  0    Str: 22    XL:     14   Next: 2%
Magic:  18/18      EV:  5    Int:  6    God:
Gold:   978        SH: 15    Dex: 16    Spells: 17/19 levels left

rFire    . . .     SeeInvis .   a - +1 war axe
rCold    . . .     Gourm    .   c - +0 shield
rNeg     . . .     Faith    .   h - +2 crystal plate armour
rPois    +         Spirit   .   (helmet restricted)
rElec    .         Reflect  +   J - +2 cloak
rCorr    .         Harm     .   Q - +2 pair of gloves {Dex+3}
MR       +....                  N - +0 pair of boots
Stlth    ..........             I - +2 amulet of reflection
Regen    0.4/turn               E - ring of poison resistance
MPRegen  0.2/turn               t - ring of flight

@: corroded
A: retaliatory headbutt, horns 2
a: Evoke Flight


You were on level 5 of the Lair of Beasts.
You were not hungry.

You visited 2 branches of the dungeon, and saw 16 of its levels.
You also visited: Sewer.

You collected 1296 gold pieces.
You spent 318 gold pieces at shops.

Inventory:

Hand Weapons
 a - a +1 war axe (weapon)
 K - the +8 glaive of Red Wine {flame, rElec rC- MR+}
   (You found it on level 8 of the Dungeon)

   It has been specially enchanted to burn those struck by it, causing extra
   injury to most foes and up to half again as much damage against particularly
   susceptible opponents.
   Big, fiery blades are also staple armaments of hydra-hunters.
   It makes you vulnerable to cold.
   It insulates you from electricity.
   It affects your resistance to hostile enchantments.
 R - a +0 hand crossbow
 Z - a +0 trident
Missiles
 l - 70 bolts
Armour
 c - a +0 shield (worn)
 h - a +2 crystal plate armour (worn)
 o - a +1 plate armour
 w - a +2 pair of gloves
 F - a +2 buckler
 J - a +2 cloak (worn)
 M - a +0 ring mail of magic resistance
 N - a +0 pair of boots (worn)
 Q - a +2 pair of gloves of dexterity (worn)
Jewellery
 i - an uncursed ring of protection from fire
 t - a ring of flight (right hand)
 v - an uncursed ring of resist corrosion
 y - a -2 ring of strength
 E - a ring of poison resistance (left hand)
 H - a +3 ring of protection
 I - a +2 amulet of reflection (around neck)
 X - an uncursed ring of magical power
Wands
 L - a wand of lightning (4/15)
 O - a wand of polymorph (9/24)
 W - a wand of random effects (22/48)
Scrolls
 g - 9 scrolls of identify
 n - 4 scrolls of teleportation
 s - 3 scrolls of fear
 x - 3 scrolls of remove curse
 G - a scroll of enchant armour
 P - a scroll of blinking
Potions
 d - 2 potions of might
 e - 3 potions of flight
 j - 7 potions of curing
 p - 7 potions of heal wounds
 q - 2 potions of berserk rage {unknown}
 r - a potion of agility
 A - 2 potions of lignification
 T - a potion of resistance
 V - a potion of cancellation
 Y - a potion of haste
Books
 u - a book of Burglary

   Spells                             Type                      Level
   a - Swiftness                      Charms/Air                   2
   b - Passwall                       Transmutation/Earth          2
   c - Passage of Golubria            Translocation                4
   d - Lee's Rapid Deconstruction     Earth                        5
   e - Darkness                       Hexes                        6
   f - Invisibility                   Hexes                        6
 z - a book of Conjurations

   Spells                             Type                      Level
   a - Magic Dart                     Conjuration                  1
   b - Searing Ray                    Conjuration                  2
   c - Dazzling Spray                 Conjuration/Hexes            3
   d - Fulminant Prism                Conjuration/Hexes            4
   e - Force Lance                    Conjuration/Translocation    4
   f - Iskenderun's Mystic Blast      Conjuration                  4
 C - a book of Air

   Spells                             Type                      Level
   a - Shock                          Conjuration/Air              1
   b - Swiftness                      Charms/Air                   2
   c - Static Discharge               Conjuration/Air              3
   d - Airstrike                      Air                          4
   e - Lightning Bolt                 Conjuration/Air              5
 D - a book of Frost

   Spells                             Type                      Level
   a - Freeze                         Ice                          1
   b - Throw Frost                    Conjuration/Ice              2
   c - Ozocubu's Armour               Charms/Ice                   3
   d - Throw Icicle                   Conjuration/Ice              4
   e - Summon Ice Beast               Ice/Summoning                4
 U - a book of the Sky

   Spells                             Type                      Level
   a - Summon Lightning Spire         Summoning/Air                4
   b - Silence                        Hexes/Air                    5
   c - Deflect Missiles               Charms/Air                   6
   d - Conjure Ball Lightning         Conjuration/Air              6
   e - Tornado                        Air                          9
Miscellaneous
 b - a sack of spiders
Comestibles
 f - 12 bread rations
 k - 15 meat rations
 m - 10 fruits
 B - 15 royal jellies


   Skills:
 + Level 12.3 Fighting
 + Level 15.3(16.1) Axes
 + Level 9.3(13.3) Polearms
 + Level 12.7 Armour
 + Level 2.6 Dodging
 + Level 0.6 Stealth
 + Level 11.1 Shields
 * Level 3.4 Spellcasting
 * Level 3.5 Charms
 * Level 3.5 Air Magic
 + Level 1.4 Evocations


You had 17 spell levels left.
You knew the following spells:

 Your Spells              Type           Power        Failure   Level  Hunger
a - Swiftness             Chrm/Air       #.......     100%        2    ###....


Dungeon Overview and Level Annotations

Branches:
Dungeon (11/15)            Temple (0/1) D:6            Lair (5/6) D:11
  Swamp (0/4) Lair:4       Spider (0/4) Lair:4          Orc (0/2) D:11
  Slime: Lair:5-6

Altars:
Dithmenos
Elyvilon
Kikubaaqudgha
Makhleb
Nemelex Xobeh
Okawaru
Ru
Sif Muna
Xom

Shops:
D:4 ((%?   D:11 !**([


Innate Abilities, Weirdness & Mutations

You reflexively headbutt those who attack you in melee.
You have a pair of horns on your head.


Message History

You hit the entropy weaver but do no damage.
Your headbutt misses the entropy weaver.
The entropy weaver is almost dead.
You barely miss the entropy weaver.
Your headbutt misses the entropy weaver.
The entropy weaver is almost dead.
The entropy weaver hits you!
* * * LOW HITPOINT WARNING * * *
The entropy weaver hits you.
* * * LOW HITPOINT WARNING * * *
You block the entropy weaver's attack. The entropy weaver hits you!
* * * LOW HITPOINT WARNING * * *
You feel much better. The entropy weaver hits you!
* * * LOW HITPOINT WARNING * * *
You block the entropy weaver's attack. The entropy weaver hits you!
* * * LOW HITPOINT WARNING * * *
You block the entropy weaver's attack. The entropy weaver hits you!
* * * LOW HITPOINT WARNING * * *
The entropy weaver hits you!
You die...

......# ...#
###...##.......> .. #..#.
.#..###......... .. ##...
...###.#........ . #[...
...=#...###..... .
#...###.a.##.....#....#
..###..#..###.....#......
....##...##.#.....##.....
...P.#''†#........#......
.......†@.........##†...#
...#...a....#...#.##.....
. #P......#.#.#..#P.....
##........P+....†....P
...................>....
#..#.#.###P.####.#.P.#P#
#.####### #### #########
#


You could see an entropy weaver.

Vanquished Creatures
  Harold (Lair:3)
  3 hydras
  2 two-headed ogres
  A centaur warrior (D:11)
  A queen ant (Lair:5)
  7 death yaks
  Sonja (Lair:3)
  Pikel (D:5)
  A shambling mangrove (Lair:1)
  The ghost of adept the Cleaver, a novice GrBe of Trog (D:8)
  A lindwurm (Lair:4)
  5 oklob plants
  2 manticores
  2 elephants (Lair:4)
  Psyche (D:10)
  4 black mambas
  8 spiny frogs
  2 komodo dragons
  3 rime drakes
  A polar bear (Lair:2)
  A queen bee (Lair:4)
  A troll (D:11)
  3 meliai (Lair:4)
  8 hippogriffs
  5 blink frogs
  8 dream sheep
  A water elemental (D:11)
  4 wyverns
  Eustachio (D:5)
  A wraith (D:10)
  35 yaks
  3 basilisks
  2 steam dragons (Lair:4)
  13 soldier ants (Lair:5)
  10 porcupines
  An acid dragon (D:11)
  7 water moccasins
  6 orc warriors
  2 swamp drakes
  A black bear (Lair:2)
  7 ice beasts
  8 ogres
  An eye of draining (D:11)
  4 wolves
  7 centaurs
  14 crocodiles
  6 big kobolds
  14 bullfrogs
  5 scorpions
  A wyvern skeleton (D:10)
  47 killer bees
  6 electric eels
  3 crimson imps
  A bullfrog zombie (D:9)
  3 centaur zombies
  2 quasits
  7 hounds
  2 bullfrog skeletons
  8 orc priests
  A gnoll shaman (D:6)
  7 iguanas
  13 orc wizards
  20 worker ants
  A hound zombie (D:11)
  8 gnolls
  A howler monkey skeleton (D:6)
  14 adders
  3 river rats (Sewer)
  3 shadow imps
  A white imp (D:9)
  An ooze (D:4)
  A worm (D:2)
  3 dart slugs
  3 leopard geckos
  52 orcs
  7 giant cockroaches
  10 goblins
  12 hobgoblins
  9 jackals
  38 kobolds
  2 quokkas
  8 ball pythons
  7 bats
  7 frilled lizards
  A quokka zombie (D:8)
  27 rats
  2 fungi
  A plant (Lair:5)
570 creatures vanquished.

Vanquished Creatures (others)
  A yak (Lair:4)
  A slave (D:7)
  An ice beast (D:5)
  A killer bee (Lair:4)
  An orc (D:5)
  3 fungi
  2 plants
10 creatures vanquished.

Grand Total: 580 creatures vanquished

Notes
Turn   | Place    | Note
-------+----------+-------------------------------------------
     0 | D:1      | equalderp2856 the Minotaur Fighter began the quest for the Orb.
     0 | D:1      | Reached XP level 1. HP: 19/19 MP: 0/0
    77 | D:1      | Reached XP level 2. HP: 25/27 MP: 1/1
   701 | D:2      | Reached XP level 3. HP: 30/33 MP: 2/2
  1104 | D:2      | Reached skill level 3 in Axes
  1178 | D:2      | Reached XP level 4. HP: 41/41 MP: 3/3
  1582 | D:3      | Found a glowing drain.
  1599 | Sewer    | Entered a sewer
  1822 | Sewer    | Reached XP level 5. HP: 40/47 MP: 4/4
  1876 | Sewer    | Reached skill level 4 in Axes
  2251 | D:3      | Reached skill level 5 in Fighting
  2317 | D:3      | Reached skill level 5 in Shields
  2802 | D:4      | Found Heqynehy's Food Shop.
  2809 | D:4      | Reached XP level 6. HP: 54/56 MP: 5/5
  2960 | D:4      | Found Fetwoh's Weapon Shoppe.
  3005 | D:4      | Reached skill level 5 in Axes
  3005 | D:4      | Reached skill level 1 in Dodging
  3022 | D:4      | Found a deep blue altar of Sif Muna.
  3053 | D:4      | Reached skill level 5 in Armour
  3060 | D:4      | Found an iron altar of Okawaru.
  3102 | D:4      | Found Qotiwk's Antique Weapon Boutique.
  3294 | D:4      | Found a burning altar of Makhleb.
  3296 | D:4      | Found a sparkling altar of Nemelex Xobeh.
  3466 | D:4      | Found Ysuthil's Magic Scroll Emporium.
  3469 | D:4      | Bought a scroll of fear for 38 gold pieces
  3469 | D:4      | Bought a scroll of silence for 82 gold pieces
  3535 | D:5      | Entered Level 5 of the Dungeon
  3596 | D:5      | Reached XP level 7. HP: 42/61 MP: 6/6
  3835 | D:5      | Reached skill level 6 in Axes
  3966 | D:5      | Noticed Eustachio
  4006 | D:5      | Killed Eustachio
  4006 | D:5      | Reached skill level 7 in Axes
  4043 | D:5      | Got a bloodstained chain mail
  4046 | D:5      | Identified the cursed +0 chain mail of the Hippo {rF+} (You found it on level 5 of the Dungeon)
  4587 | D:5      | Noticed Pikel
  4607 | D:5      | Killed Pikel
  4607 | D:5      | Reached skill level 8 in Axes
  4607 | D:5      | Reached XP level 8. HP: 65/70 MP: 7/7
  4998 | D:6      | Found a staircase to the Ecumenical Temple.
  5224 | D:6      | Reached skill level 9 in Axes
  5270 | D:6      | Found a shadowy altar of Dithmenos.
  5270 | D:6      | Found an ancient bone altar of Kikubaaqudgha.
  5423 | D:6      | Reached XP level 9. HP: 36/78 MP: 8/8
  5984 | D:7      | Reached skill level 10 in Axes
  6552 | D:7      | Found a shimmering altar of Xom.
  6663 | D:7      | Found a white marble altar of Elyvilon.
  6663 | D:7      | Found a sacrificial altar of Ru.
  6763 | D:8      | Noticed adept's ghost (novice GrBe)
  7070 | D:8      | Got an ichor-stained glaive
  7104 | D:8      | Identified the +8 glaive of Red Wine {flame, rElec rC- MR+} (You found it on level 8 of the Dungeon)
  7295 | D:8      | Reached skill level 1 in Polearms
  7297 | D:8      | Reached skill level 11 in Axes
  7300 | D:8      | Reached XP level 10. HP: 61/88 MP: 9/9
  7420 | D:8      | Noticed a three-headed hydra
  7424 | D:8      | Killed a one-headed hydra
  7780 | D:8      | Killed adept's ghost
  7780 | D:8      | Reached skill level 5 in Polearms
  8302 | D:9      | Noticed a two-headed ogre
  8310 | D:9      | Killed a two-headed ogre
  9245 | D:10     | Entered Level 10 of the Dungeon
  9398 | D:10     | Reached XP level 11. HP: 64/97 MP: 10/10
  9408 | D:10     | Noticed a two-headed ogre
  9427 | D:10     | Killed a two-headed ogre
 10019 | D:10     | Noticed Psyche
 10029 | D:10     | Killed Psyche
 10780 | D:10     | Reached skill level 10 in Armour
 11032 | D:11     | Noticed a centaur warrior
 11042 | D:11     | Killed a centaur warrior
 11042 | D:11     | Reached skill level 10 in Fighting
 11042 | D:11     | Reached skill level 12 in Axes
 11479 | D:11     | Found Nouguok's Antique Weapon Boutique.
 11699 | D:11     | Found Enidwake's Antique Armour Shoppe.
 11781 | D:11     | Found Huerphal's Distillery.
 11791 | D:11     | Bought a potion of curing for 54 gold pieces
 11791 | D:11     | Bought a potion of cancellation for 144 gold pieces
 12064 | D:11     | Found a staircase to the Lair.
 12250 | D:11     | Found Qiraergh's Assorted Antiques.
 12423 | D:11     | Found Deisif's General Store.
 12522 | D:11     | Found a staircase to the Orcish Mines.
 12896 | Lair:1   | Entered Level 1 of the Lair of Beasts
 13156 | Lair:1   | Noticed a five-headed hydra
 13234 | D:11     | Reached skill level 13 in Axes
 13341 | D:11     | Noticed a seven-headed hydra
 13523 | D:11     | Killed a five-headed hydra
 13523 | D:11     | Reached XP level 12. HP: 61/108 MP: 11/11
 15469 | Lair:1   | Reached skill level 14 in Axes
 15781 | Lair:1   | Learned a level 2 spell: Swiftness
 16265 | Lair:2   | Reached skill level 1 in Charms
 16390 | Lair:2   | Reached skill level 1 in Spellcasting
 16718 | Lair:3   | Reached skill level 1 in Air Magic
 16937 | Lair:3   | Reached skill level 10 in Shields
 16974 | Lair:3   | Noticed Harold
 17458 | Lair:3   | Killed Harold
 17556 | Lair:3   | Noticed Sonja
 18253 | Lair:3   | Killed Sonja
 18454 | Lair:3   | Reached XP level 13. HP: 108/117 MP: 14/14
 19082 | Lair:4   | Reached skill level 1 in Evocations
 19154 | Lair:4   | Found a staircase to the Swamp.
 20585 | Lair:4   | Found a hole to the Spider Nest.
 20905 | Lair:4   | Reached skill level 15 in Axes
 23383 | Lair:4   | Identified a scroll of acquirement
 24204 | Lair:5   | Noticed an entropy weaver
 24394 | Lair:5   | Reached XP level 14. HP: 101/126 MP: 17/17
 24523 | Lair:5   | Noticed an entropy weaver
 24562 | Lair:5   | Slain by an entropy weaver

Skill      XL: |  1  2  3  4  5  6  7  8  9 10 11 12 13 |
---------------+----------------------------------------+-----
Fighting       | 4 5 6 7 9 10 11 12 | 12.3
Armour         | 4 5 6 8 9 11 12 | 12.7
Shields        | 4 5 7 8 9 10 11 | 11.1
Axes           | 3 4 5 8 9 11 13 14 15 | 15.3
Dodging        | 1 2 |  2.6
Polearms       | 2 8 9 |  9.3
Charms         | 2 3 |  3.5
Spellcasting   | 1 3 |  3.4
Air Magic      | 1 3 |  3.5
Evocations     | 1 |  1.4
Stealth        | |  0.6

Action                   |  1- 3 |  4- 6 |  7- 9 | 10-12 | 13-15 || total
-------------------------+-------+-------+-------+-------+-------++-------
Melee: War axe           |    85 |   204 |   336 |   592 |   543 ||  1760
       Headbutt          |    13 |    41 |    62 |   185 |   145 ||   446
       Glaive            |       |       |    17 |    98 |       ||   115
       Trident           |       |       |       |    16 |     9 ||    25
 Abil: Evoke Flight      |       |       |       |       |     2 ||     2
Evoke: Wand              |       |       |       |    10 |       ||    10
  Use: Scroll            |       |     7 |     3 |     8 |    10 ||    28
       Potion            |       |       |       |     2 |     2 ||     4
 Stab: Confused          |       |       |       |     1 |     1 ||     2
  Eat: Chunk             |       |     7 |    12 |    28 |    15 ||    62
       Fruit             |       |       |     2 |     8 |       ||    10
       Royal jelly       |       |       |       |       |     3 ||     3
Armor: Scale mail        |    51 |       |       |       |       ||    51
       Plate armour      |       |   157 |   203 |   518 |   240 ||  1118
       Crystal plate arm |       |       |       |       |   102 ||   102
Dodge: Dodged            |    30 |    55 |    79 |   250 |   126 ||   540
Block: Shield            |    48 |   146 |   209 |   110 |   422 ||   935
       Other             |       |       |     1 |    31 |       ||    32
       Reflection        |       |       |       |     2 |     2 ||     4
